 Dungeon Crawl Stone Soup version 0.31-a0-986-g5e6e4ef867 (webtiles) character file.

Game seed: 5262006878413653949

91 gelatine the Trooper (level 4, 0/38 HPs)
             Began as a Demonspawn Fighter on Nov 13, 2023.
             Succumbed to a water moccasin's poison
             ... on level 3 of the Dungeon.
             The game lasted 00:03:42 (1517 turns).

gelatine the Trooper (Demonspawn Fighter)           Turns: 1517, Time: 00:03:43

Health: 0/38       AC:  7    Str: 17    XL:     4   Next: 33%
Magic:  3/3        EV: 14    Int: 14    God:
Gold:   69         SH:  5    Dex: 17    Spells: 3/3 levels left

rFire   + . .        a - +0 war axe
rCold   + . .        c - +0 buckler
rNeg    . . .        b - +0 scale mail
rPois   +            (no helmet)
rElec   +            (no cloak)
rCorr   +            (no gloves)
SInv    .            (no boots)
Will    .....        (no amulet) Stlth
                     l - +6 ring of dexterity
HPRegen 0.26/turn    n - +5 ring of evasion
MPRegen 0.08/turn

%: no passive effects
@: lethally poisoned (0 -> -15), resistant
A: claws 1, ignite blood 1, sharp scales 1, clever 1, low MP 1, robust 1,
MP-powered wands
a: no special abilities


You were on level 3 of the Dungeon.
You visited 1 branch of the dungeon, and saw 3 of its levels.

You collected 69 gold pieces.

Inventory:

Hand Weapons
 a - a +0 war axe (weapon)
Missiles
 h - 3 boomerangs
Armour
 b - a +0 scale mail (worn)
 c - a +0 buckler (worn)
Jewellery
 l - a +6 ring of dexterity (left claw)
 n - a +5 ring of evasion (right claw)
Scrolls
 e - a scroll of summoning {unknown}
 i - a scroll of teleportation {unknown}
 j - a scroll of enchant weapon {unknown}
 k - 2 scrolls of identify {unknown}
Potions
 d - 2 potions of might
 m - a potion of curing {unknown}


   Skills:
 * Level 3.3 Fighting
 * Level 2.7 Axes
 * Level 3.1 Armour
 * Level 1.3 Dodging
 * Level 3.2 Shields


You had 3 spell levels left.
You didn't know any spells.
Your spell library contained the following spells:

 Spells                   Type           Power      Damage    Failure   Level
 Summon Ice Beast         Ice/Summ       0%         N/A       100%        4
 Summon Mana Viper        Hex/Summ       0%         N/A       100%        5
 Monstrous Menagerie      Summ           0%         N/A       100%        7


Dungeon Overview and Level Annotations

Branches:
Dungeon (3/15)

Altars:


Innate Abilities, Weirdness & Mutations

You have sharp fingernails.
Your demonic aura sometimes causes spilled blood to erupt in flames.
You are partially covered in razor-sharp scales. (AC +1, Slay +1)
Your mind is acute. (Int +4, Str/Dex -1)
Your magical capacity is low. (-10% MP)
You are robust. (+10% HP)
You expend magic power (3 MP) to strengthen your wands.


Message History

You kill the hobgoblin!
You see here a hobgoblin corpse.
k - 2 scrolls labelled DYG IP OSAL (gained 1)
There is a stone staircase leading down here.
A water moccasin comes into view.
The water moccasin hisses angrily.
A hobgoblin comes into view.
The hobgoblin shouts!
You barely miss the water moccasin. The water moccasin bites you.
You are poisoned.
The water moccasin poisons you! The water moccasin closely misses you.
You hit the water moccasin.
The water moccasin is lightly wounded.
You feel very sick. You block the water moccasin's attack.
The water moccasin bites you.
A hobgoblin comes into view.
The hobgoblin shouts!
You hit the water moccasin.
The water moccasin is moderately wounded.
You feel sick.
You hear a shout!
The water moccasin bites you. The water moccasin misses you.
You barely miss the water moccasin.
The water moccasin is moderately wounded.
You feel sick. The water moccasin bites you. x2
* * * LOW HITPOINT WARNING * * *
You are lethally poisoned!
The water moccasin poisons you!
A goblin comes into view. It is wielding a +0 club.
It was a potion of mutation.
You feel extremely strange.
You feel clever.
You feel less energetic.
You feel robust.
You feel your magical essence link to the dungeon's wands.
* * * LOW HITPOINT WARNING * * *
You feel very sick.
The goblin shouts!
The water moccasin bites you but does no damage.
The water moccasin barely misses you.
It was a potion of resistance.
You feel protected.
You die...

#...... . ##.#..##
#g #....... #.
#.....## ..
#.....#
g###########.....#
.g#......###...##
#S#......###...#
#@#......##<...#
#.#.....†....#####
#.#.......##......
#........#########
#........#########
#.....>...........
#.....############
#.....# #######


You could see a water moccasin, 2 hobgoblins and a goblin.

Vanquished Creatures
  A hound (D:3)
  3 adders
  A dart slug (D:1)
  3 ball pythons
  4 endoplasms
  2 giant cockroaches
  3 goblins
  6 hobgoblins
  2 frilled lizards
  A kobold (D:2)
  4 rats
  A spectral goblin (D:2)
31 creatures vanquished.

Notes
Turn   | Place    | Note
-------+----------+-------------------------------------------
     0 | D:1      | gelatine the Demonspawn Fighter began the quest for the
                  | Orb.
     0 | D:1      | Reached XP level 1. HP: 18/18 MP: 1/1
   510 | D:1      | Gained mutation: Your demonic aura sometimes causes spilled
                  | blood to erupt in flames. [demonic ancestry]
   510 | D:1      | Reached XP level 2. HP: 23/24 MP: 2/2
   855 | D:2      | Gained mutation: You are partially covered in razor-sharp
                  | scales. (AC +1, Slay +1) [demonic ancestry]
   855 | D:2      | Reached XP level 3. HP: 29/29 MP: 3/3
   889 | D:2      | Found a faded altar of an unknown god.
  1431 | D:3      | Reached skill level 1 in Dodging
  1431 | D:3      | Gained mutation: You have sharp fingernails. [demonic
                  | ancestry]
  1431 | D:3      | Reached XP level 4. HP: 31/35 MP: 4/4
  1509 | D:3      | Noticed a water moccasin
  1516 | D:3      | Gained mutation: Your mind is acute. (Int +4, Str/Dex -1)
                  | [potion of mutation]
  1516 | D:3      | Gained mutation: Your magical capacity is low. (-10% MP)
                  | [potion of mutation]
  1516 | D:3      | Gained mutation: You are robust. (+10% HP) [potion of
                  | mutation]
  1516 | D:3      | Gained mutation: You expend magic power (3 MP) to
                  | strengthen your wands. [potion of mutation]
  1517 | D:3      | Succumbed to a water moccasin's poison

Illustrated notes

Levels and vault maps discovered:
D:1:      dpeg_arrival_radiant, layout_basic, serial_rivers,
          chequers_serial_rivers_micro_d, chequers_serial_rivers_micro_b,
          chequers_serial_rivers_micro_c, chequers_serial_rivers_micro_b,
          chequers_serial_rivers_micro_e, chequers_serial_rivers_large_b,
          minmay_3d_cube
D:2:      layout_basic, dreamdust_ecumenical_altar_drowned_temple,
          serial_rivers, chequers_serial_rivers_micro_b,
          chequers_serial_rivers_micro_a, chequers_serial_rivers_micro_c,
          chequers_serial_rivers_micro_c, kennysheep_small_spiral
D:3:      layout_basic

Skill      XL: |  1  2  3 |
---------------+----------+-----
Axes           | 2 |  2.7
Armour         | 3 |  3.1
Shields        | 3 |  3.2
Dodging        | 1 |  1.3
Fighting       | |  3.3

Action                     |  1- 3 |  4- 6 || total
---------------------------+-------+-------++-------
  Melee: War axe           |    97 |     5 ||   102
    Use: Potion            |       |     2 ||     2
 Armour: Scale mail        |    62 |     6 ||    68
  Dodge: Dodged            |    49 |     3 ||    52
  Block: Buckler           |    18 |     1 ||    19

Table legend: (Time is in decaauts)
 A = Elapsed time spent in this place.
 B = Non-inter-level travel time spent in this place.
 C = Inter-level travel time spent in this place.
 D = Time resting spent in this place.
 E = Time spent auto-exploring this place.
 F = Levels seen in this place.
 G = Mean time per level.
                   A        B        C        D        E       F      G
               +--------+--------+--------+--------+--------+-----+--------+
         Total |   1594 |   1565 |     29 |      0 |   1194 |   3 |  531.3 |
       Dungeon |   1594 |   1565 |     29 |      0 |   1194 |   3 |  531.3 |
               +--------+--------+--------+--------+--------+-----+--------+

Top non-repeatable levels by time:
     D:2: 730 daAuts
     D:1: 684 daAuts
     D:3: 179 daAuts
